 Dungeon Crawl Stone Soup version 0.31-a0-881-ge136f0c47a (webtiles) character file.

Game seed: 4967645163120515302

578 Shayle the Ruffian (level 7, -11/52 HPs)
             Began as a Human Shapeshifter on Oct 15, 2023.
             Mangled by an ogre
             ... wielding a +0 giant club
              (19 damage)
             ... on level 5 of the Dungeon.
             The game lasted 00:06:58 (4214 turns).

Shayle the Ruffian (Human Shapeshifter)             Turns: 4214, Time: 00:06:59

Health: -11/52     AC: 12    Str: 21    XL:     7   Next: 62%
Magic:  10/10      EV: 17    Int: 12    God:
Gold:   97         SH:  0    Dex: 12    Spells: 7/10 levels left

rFire   . . .        v - +1 trident (protect)
rCold   . . .        (no shield)
rNeg    . . .        l - +0 ring mail
rPois   .            (helmet currently unavailable)
rElec   .            (cloak currently unavailable)
rCorr   .            (gloves currently unavailable)
SInv    .            (boots currently unavailable)
Will    .....        (no amulet)
Stlth   +            h - +6 ring of strength
HPRegen 0.28/turn    u - +5 ring of evasion
MPRegen 0.12/turn

%: no passive effects
@: beast-form, under a protective aura, attractive
A: beast (slay +2)
a: Begin Untransformation


You were on level 5 of the Dungeon.
You were a hulking beast.
You visited 1 branch of the dungeon, and saw 5 of its levels.

You collected 253 gold pieces.
You spent 156 gold pieces at shops.

Inventory:

Hand Weapons
 v - a +1 trident of protection (weapon)
Armour
 a - a +0 animal skin
 l - a +0 ring mail (worn)
Jewellery
 h - a +6 ring of strength (left hand)
 u - a +5 ring of evasion (right hand)
 y - an amulet of reflection
Talismans
 c - a beast talisman (active)
 d - a flux talisman
Scrolls
 b - 3 scrolls of fear {unknown}
 j - a scroll of noise {unknown}
 m - 3 scrolls of amnesia {unknown}
 n - a scroll of poison {unknown}
 o - 2 scrolls of blinking {unknown}
 q - a scroll of fog {unknown}
 t - a scroll of identify
 x - a scroll of immolation {unknown}
Potions
 e - 2 potions of ambrosia
 f - 3 potions of might
 g - a potion of brilliance
 k - 2 potions of degeneration
 p - 2 potions of resistance
 r - a potion of attraction
 s - a potion of cancellation
 w - a potion of curing {unknown}


   Skills:
 + Level 3.2 Fighting
 + Level 3.7 Dodging
 + Level 4.3 Unarmed Combat
 + Level 2.3 Spellcasting
 + Level 2.5 Ice Magic
 + Level 4.1 Shapeshifting


You had 7 spell levels left.
You knew the following spells:

 Your Spells              Type           Power      Damage    Failure   Level
a - Frozen Ramparts       Ice            14%        1d3       43%         3

Your spell library contained the following spells:

 Spells                   Type           Power      Damage    Failure   Level
 Freeze                   Ice            28%        1d5       16%         1
 Summon Small Mammal      Summ           4%         N/A       41%         1
 Ozocubu's Armour         Ice            7%         N/A       43%         3
 Blink                    Tloc           2%         N/A       54%         2
 Lesser Beckoning         Tloc           2%         N/A       54%         2
 Momentum Strike          Conj/Tloc      2%         3d8       54%         2
 Scorch                   Fire           2%         2d5       54%         2
 Hailstorm                Conj/Ice       4%         3d4       61%         3
 Call Canine Familiar     Summ           1%         N/A       78%         3
 Summon Guardian Golem    Hex/Summ       1%         N/A       78%         3
 Volatile Blastmotes      Fire/Tloc      2%         2d10      78%         3
 Sticky Flame             Conj/Fire      1%         2d3       99%         4
 Starburst                Conj/Fire      0%         6d3       100%        6
 Ozocubu's Refrigeration  Ice            3%         4d8       100%        7


Dungeon Overview and Level Annotations

Branches:
Dungeon (5/15)             Temple (0/1) D:5

Altars:
Makhleb

Shops:
D:4 (   D:5 *

Annotations:
D:2 1 runed translucent door, Crazy Yiuf


Message History

You puncture the iguana!
You kill the iguana!
You see here an iguana corpse.
You see here a +0 club.
Found a staircase to the Ecumenical Temple.
An ogre comes into view. It is wielding a +0 giant club.
The ogre shouts!
Found a stone staircase leading down.
Found a scroll labelled TOUMAL TIKOITZAG.
You barely miss the ogre. The ogre barely misses you.
You hit the ogre.
Your weapon exudes an aura of protection.
The ogre is lightly wounded.
The ogre hits you with a +0 giant club!!
You hear a bark!
You hit the ogre. You punch the ogre.
The ogre is lightly wounded.
A hound comes into view.
The ogre completely misses you.
You hit the ogre.
The ogre is moderately wounded.
The ogre hits you with a +0 giant club!
You puncture the ogre!
The ogre is severely wounded.
You puncture the ogre!
The ogre is almost dead.
The ogre hits you with a +0 giant club!
* * * LOW HITPOINT WARNING * * *
Okay, then.
Okay, then.
Okay, then.
Okay, then.
It was a potion of attraction.
You feel attractive to monsters. The ogre misses you.
It was a potion of cancellation.
Your magical effects are unravelling.
You feel magically purged.
The ogre hits you with a +0 giant club!!
You die...

###.#.###### #....
#..........# #....
#..........# #....
#..........###### ##
#....
#...................
.....
#..........#####..##
##....
#..........#........
#............#...#
##########..h.#
#.#.O# #..##h. #...
.>.. ...# ..## ...#.
.#.. #>.. #... #..?
..


You could see an ogre and a hound.

Vanquished Creatures
  A water moccasin (D:5)
  An ogre (D:4)
  2 orc priests (D:5)
  Terence (D:2)
  4 iguanas
  Natasha (thrice) (D:2)
  An orc wizard (D:5)
  3 adders (D:3)
  A dart slug (D:3)
  2 orcs (D:5)
  8 ball pythons
  5 endoplasms
  4 giant cockroaches
  10 goblins
  5 hobgoblins
  4 jackals (D:4)
  A quokka (D:2)
  5 bats
  4 frilled lizards
  12 kobolds
  7 rats
84 creatures vanquished.

Notes
Turn   | Place    | Note
-------+----------+-------------------------------------------
     0 | D:1      | Shayle the Human Shapeshifter began the quest for the Orb.
     0 | D:1      | Reached XP level 1. HP: 15/15 MP: 1/1
    73 | D:1      | Reached XP level 2. HP: 21/21 MP: 2/2
   373 | D:1      | Found a faded altar of an unknown god.
   662 | D:1      | Reached XP level 3. HP: 24/26 MP: 3/3
   784 | D:1      | Got an inconspicuous book
  1209 | D:2      | Found a runed translucent door.
  1210 | D:2      | Noticed Crazy Yiuf
  1339 | D:2      | Noticed Natasha
  1352 | D:2      | Killed Natasha
  1353 | D:2      | Reached XP level 4. HP: 33/33 MP: 4/4
  1377 | D:2      | Noticed Natasha
  1394 | D:2      | Killed Natasha
  1395 | D:2      | Reached skill level 1 in Ice Magic
  1518 | D:2      | Learned a level 3 spell: Frozen Ramparts
  1817 | D:2      | Noticed Terence
  1831 | D:2      | Killed Terence
  1832 | D:2      | Reached skill level 1 in Spellcasting
  1832 | D:2      | Reached XP level 5. HP: 30/38 MP: 6/6
  2159 | D:2      | Noticed Natasha
  2165 | D:2      | Killed Natasha
  3177 | D:4      | Reached XP level 6. HP: 43/45 MP: 8/8
  3447 | D:4      | Noticed an ogre
  3459 | D:4      | Killed an ogre
  3543 | D:4      | Found Ifahoss's Antique Weapon Emporium.
  3549 | D:4      | Bought a glowing trident for 156 gold pieces
  3592 | D:4      | Found a burning altar of Makhleb.
  3843 | D:5      | Entered Level 5 of the Dungeon
  3949 | D:5      | Reached XP level 7. HP: 37/51 MP: 8/10
  4037 | D:5      | Found Gozag's Platinum Reserve.
  4107 | D:5      | Noticed a water moccasin
  4124 | D:5      | Killed a water moccasin
  4202 | D:5      | Found a staircase to the Ecumenical Temple.
  4214 | D:5      | Mangled by an ogre

Illustrated notes

Levels and vault maps discovered:
D:1:      dpeg_arrival_rooms_with_view, layout_basic,
          nicolae_ecumenical_snake_handling, chequers_serial_rivers_micro_b,
          minmay_bisected
D:2:      cheibrodos_helix_gallery, layout_rooms, serial_co_window_serial,
          co_window_cross_1, co_window_paths_b, co_window_corner_a,
          co_window_paths_b, co_window_corner_a, co_window_of_opportunity_c,
          co_window_corner_b, co_window_of_opportunity_c, co_window_corner_b,
          co_window_broadway_b, co_window_of_opportunity_c, co_window_corner_b,
          glass_columns_a, uniq_terence, uniq_crazy_yiuf_cottage, uniq_natasha
D:3:      layout_basic, grunt_ministairs_10, chequers_serial_rivers_micro_c,
          serial_bayou_ford_a, minmay_surrounded
D:4:      layout_basic, amcnicky_altar_gilded, serial_shops, nicolae_square_shop
D:5:      layout_rooms, nicolae_gozag_zags_fifth_avenue,
          minmay_temple_entry_mini_moons, minivault_4, uniq_duvessa

Skill      XL: |  1  2  3  4  5  6  7 |
---------------+----------------------+-----
Fighting       | 2 3 |  3.2
Ice Magic      | 1 2 |  2.5
Spellcasting   | 1 2 |  2.3
Dodging        | 3 |  3.7
Unarmed Combat | 4 |  4.3
Shapeshifting  | 4 |  4.1

Action                     |  1- 3 |  4- 6 |  7- 9 || total
---------------------------+-------+-------+-------++-------
  Melee: Unarmed           |    88 |   131 |       ||   219
         Punch             |     2 |     2 |     2 ||     6
         Trident           |       |    22 |    32 ||    54
  Evoke: Wand              |       |     2 |     2 ||     4
    Use: Potion            |     1 |     1 |     2 ||     4
         Scroll            |       |     5 |       ||     5
   Stab: Sleeping          |     2 |       |       ||     2
 Armour: Animal skin       |    45 |    13 |       ||    58
         Skin              |     6 |     7 |       ||    13
         Ring mail         |       |    47 |    15 ||    62
  Dodge: Dodged            |    49 |    88 |    23 ||   160

Table legend: (Time is in decaauts)
 A = Elapsed time spent in this place.
 B = Non-inter-level travel time spent in this place.
 C = Inter-level travel time spent in this place.
 D = Time resting spent in this place.
 E = Time spent auto-exploring this place.
 F = Levels seen in this place.
 G = Mean time per level.
                   A        B        C        D        E       F      G
               +--------+--------+--------+--------+--------+-----+--------+
         Total |   4224 |   4100 |    124 |    244 |   2975 |   5 |  844.8 |
       Dungeon |   4224 |   4100 |    124 |    244 |   2975 |   5 |  844.8 |
               +--------+--------+--------+--------+--------+-----+--------+

Top non-repeatable levels by time:
     D:2: 1190 daAuts
     D:1: 1052 daAuts
     D:4: 817 daAuts
     D:3: 780 daAuts
     D:5: 384 daAuts
